 Dungeon Crawl Stone Soup version 0.29-a0-834-g1e95ca9f62 (webtiles) character file.

Game seed: 6044034924744414649

245 xian the Trooper (level 5, -10/46 HPs)
             Began as a Draconian Fighter on July 13, 2022.
             Was an Initiate of Wu Jian.
             Mangled by a kobold
             ... wielding a +1 dagger of electrocution
              (20 damage)
             ... on level 2 of the Dungeon.
             The game lasted 00:04:09 (1554 turns).

xian the Trooper (Draconian Fighter)                Turns: 1554, Time: 00:04:10

Health: -10/46     AC:  5    Str: 20    XL:     5   Next: 84%
Magic:  5/5        EV: 13    Int: 12    God:    Wu Jian [......]
Gold:   134        SH:  5    Dex: 16    Spells: 4/4 levels left

rFire   + . .      SeeInvis .   q - +6 mace "Haimeh" {freeze, Int+4 Dex+5}
rCold   . . .      Faith    .   b - +0 buckler
rNeg    . . .      Spirit   .   (body armour unavailable)
rPois   .          Reflect  .   (helmet restricted)
rElec   .          Harm     .   (no cloak)
rCorr   .          Rampage  .   (no gloves)
Will    .....                   (no boots)
Stlth   ++........              (no amulet)
HPRegen 0.15/turn               d - ring of protection from fire
MPRegen 0.09/turn               (no ring)

@: no status effects
A: AC +5, unfitting armour, cold-blooded
a: Renounce Religion


You were on level 2 of the Dungeon.
You worshipped Wu Jian.
Wu Jian was noncommittal.
You visited 1 branch of the dungeon, and saw 2 of its levels.

You collected 134 gold pieces.

Inventory:

Hand Weapons
 e - a +0 sling
 q - the +6 mace "Haimeh" (weapon) {freeze, Int+4 Dex+5}
   (You found it on level 2 of the Dungeon)

   It freezes those it strikes, dealing additional cold damage.
   It can also slow down cold-blooded creatures.
   Int:       It affects your intelligence (+4).
   Dex:       It affects your dexterity (+5).
Armour
 b - a +0 buckler (worn)
Jewellery
 d - a ring of protection from fire (left hand)
Scrolls
 a - a scroll of identify {unknown}
 f - a scroll of noise {unknown}
 g - a scroll of vulnerability {unknown}
 i - a scroll of fog {unknown}
 j - 3 scrolls of teleportation
 k - a scroll of enchant armour {unknown}
 l - a scroll of fear {unknown}
 m - a scroll of acquirement {unknown}
Potions
 c - a potion of might
 h - a potion of ambrosia {unknown}
 n - a potion of lignification {unknown}
 o - a potion of flight {unknown}
 p - a potion of attraction {unknown}
 r - 2 potions of curing {unknown}


   Skills:
 + Level 4.0 Fighting
 + Level 2.4(3.0) Short Blades
 + Level 2.4(3.0) Long Blades
 + Level 1.0 Maces & Flails
 + Level 4.0 Dodging
 + Level 0.9 Stealth
 + Level 3.8 Shields


You had 4 spell levels left.
You didn't know any spells.
Your spell library was empty.

Dungeon Overview and Level Annotations

Branches:
Dungeon (2/15)

Altars:
Wu Jian


Innate Abilities, Weirdness & Mutations

Your plain brown scales are hard. (AC +5)
You cannot fit into any form of body armour.
You are cold-blooded and may be slowed by cold attacks.


Message History

You hit Sigmund. You freeze Sigmund. You tail-slap Sigmund.
Sigmund is heavily wounded.
Sigmund gestures at you while chanting. You resist with significant effort.
You block Sigmund's attack.
You sock Sigmund! You freeze Sigmund. You tail-slap Sigmund.
Sigmund is almost dead.
A kobold comes into view.
It is wielding a +1 dagger of electrocution.
The adder closely misses you. Sigmund closely misses you.
The adder barely misses you.
You sock Sigmund! You freeze Sigmund.
You kill Sigmund!
The Council accepts your kill. The adder bites you.
Your Fighting skill increases to level 4!
Your Short Blades skill increases to level 2!
Your Maces & Flails skill increases to level 1!
You have reached level 4!
You feel agile.
You have reached level 5!
You closely miss the adder. The adder completely misses you.
The adder closely misses you.
You hit the adder. You freeze the adder.
Your tail-slap misses the adder.
The adder is moderately wounded.
The adder barely misses you. The adder completely misses you.
You barely miss the adder.
The adder is moderately wounded.
The adder bites you but does no damage. The adder misses you.
You sock the adder! You freeze the adder.
You kill the adder!
The Council accepts your kill.
The kobold hits you with a +1 dagger of electrocution.
You are electrocuted!!
* * * LOW HITPOINT WARNING * * *
The kobold barely misses you.
Your Dodging skill increases to level 4!
You closely miss the kobold.
The kobold hits you with a +1 dagger of electrocution.
* * * LOW HITPOINT WARNING * * *
You are electrocuted!!
You die...

#.............. #.###
#.##..........####
.....##.###.........#
.......# #.........#
......# #####÷#####
#..#.# #.).# #....#
#...# #..K# #...#
#.###..@######...#####
#.......##...........##
###...................#
#.......#.............#
#.#.##..#.####...####.##
# #.....#.##....÷..#...#
#..##.#.##.#...#.#....
#.. #.#.##.#...#.#...#
... ....##....##.#####


You could see a kobold.

Vanquished Creatures
  Sigmund (D:2)
  A gnoll (D:1)
  3 adders (D:2)
  A worm (D:2)
  An endoplasm (D:1)
  3 giant cockroaches (D:1)
  6 hobgoblins
  4 jackals (D:1)
  2 quokkas
  A ball python (D:1)
  3 bats (D:1)
  A goblin (D:1)
  3 kobolds (D:1)
  3 rats
33 creatures vanquished.

Notes
Turn   | Place    | Note
-------+----------+-------------------------------------------
     0 | D:1      | xian the Draconian Fighter began the quest for the Orb.
     0 | D:1      | Reached XP level 1. HP: 19/19 MP: 1/1
    90 | D:1      | Reached XP level 2. HP: 13/26 MP: 2/2
   800 | D:1      | Reached XP level 3. HP: 31/31 MP: 3/3
  1155 | D:2      | Found an ornate altar of the Wu Jian Council.
  1163 | D:2      | Became a worshipper of the Wu Jian Council
  1288 | D:2      | Identified the +6 mace "Haimeh" {freeze, Int+4 Dex+5}
  1418 | D:2      | Reached skill level 1 in Short Blades
  1543 | D:2      | Noticed Sigmund
  1549 | D:2      | Killed Sigmund
  1550 | D:2      | Reached skill level 1 in Maces & Flails
  1550 | D:2      | Reached XP level 4. HP: 28/40 MP: 4/4
  1550 | D:2      | Reached XP level 5. HP: 32/46 MP: 5/5
  1554 | D:2      | Mangled by a kobold

Illustrated notes

Levels and vault maps discovered:
D:1:      wander_arrival_chamber, layout_loops_ring,
          hangedman_abyss_or_decor_lesser_grid, minmay_tromino_v4_c
D:2:      layout_loops_cross, basic_altar, uniq_sigmund

Skill      XL: |  1  2  3  4  5 |
---------------+----------------+-----
Dodging        | 3 4 |  4.0
Short Blades   | 2 |  2.4
Fighting       | 4 |  4.0
Maces & Flails | 1 |  1.0
Long Blades    | |  2.4
Stealth        | |  0.9
Shields        | |  3.8

Action                   |  1- 3 |  4- 6 || total
-------------------------+-------+-------++-------
Melee: Long sword        |    28 |       ||    28
       Dagger            |    97 |       ||    97
       Tailslap          |    11 |       ||    11
       Mace              |    16 |     5 ||    21
 Fire: Sling             |     1 |       ||     1
Invok: Lunge             |     3 |       ||     3
  Use: Scroll            |     1 |       ||     1
Armor: Skin              |    44 |     1 ||    45
Dodge: Dodged            |   106 |     6 ||   112
Block: Buckler           |    40 |       ||    40

Table legend: (Time is in decaauts)
 A = Elapsed time spent in this place.
 B = Non-inter-level travel time spent in this place.
 C = Inter-level travel time spent in this place.
 D = Time resting spent in this place.
 E = Time spent auto-exploring this place.
 F = Levels seen in this place.
 G = Mean time per level.
                   A        B        C        D        E       F      G
               +--------+--------+--------+--------+--------+-----+--------+
         Total |   1567 |   1533 |     34 |      0 |   1011 |   2 |  783.5 |
       Dungeon |   1567 |   1533 |     34 |      0 |   1011 |   2 |  783.5 |
               +--------+--------+--------+--------+--------+-----+--------+

Top non-repeatable levels by time:
     D:1: 1141 daAuts
     D:2: 425 daAuts
